 Dungeon Crawl Stone Soup version 0.25-a0-860-gf695395b5c (webtiles) character file.

Game seed: 3864691945799633298, levelgen mode: deterministic

198 Esekla the Grave Robber (level 5, -3/25 HPs)
             Began as a Vine Stalker Necromancer on Apr 27, 2020.
             Slain by a sky beast (4 damage)
             ... on level 6 of the Dungeon.
             The game lasted 00:17:46 (2700 turns).

Esekla the Grave Robber (Vine Stalker Necromancer)  Turns: 2700, Time: 00:17:46

Health: -3/25      AC:  3    Str: 11    XL:     5   Next: 77%
Magic:  0/10       EV: 12    Int: 15    God:
Gold:   157        SH:  0    Dex: 15    Spells: 5/9 levels left

rFire    + + .     SeeInvis .   n - +0 long sword
rCold    . . .     Gourm    .   (no shield)
rNeg     . . .     Faith    .   o - +0 leather armour
rPois    .         Spirit   +   (no helmet)
rElec    .         Reflect  .   (no cloak)
rCorr    .         Harm     .   (no gloves)
MR       .....                  (no boots)
Stlth    ++........             (no amulet)
HPRegen  0.48/turn              p - ring of protection from fire (curse)
MPRegen  0.12/turn              s - ring of protection from fire

@: no status effects
A: fangs 2, regeneration 1, magic shield, antimagic bite, no potion heal 3, rot
immunity
a: no special abilities


You were on level 6 of the Dungeon.
You were not hungry.

You visited 1 branch of the dungeon, and saw 6 of its levels.

You collected 157 gold pieces.

Inventory:

Hand Weapons
 b - a +0 spear
 f - a +0 short sword
 n - a +0 long sword (weapon)
Missiles
 t - 11 poisoned darts (quivered)
Armour
 a - a +0 buckler
 o - a +0 leather armour (worn)
Jewellery
 p - a cursed ring of protection from fire (left hand)
 s - a ring of protection from fire (right hand)
Scrolls
 d - 3 scrolls of remove curse {unknown}
 g - 2 scrolls of teleportation {unknown}
 l - 2 scrolls of magic mapping {unknown}
 m - 2 scrolls of identify {unknown}
 r - a scroll of blinking {unknown}
 u - a scroll of amnesia {unknown}
Potions
 e - 3 potions of stabbing {unknown}
 h - 2 potions of haste {unknown}
 i - a potion of ambrosia {unknown}
 j - a potion of berserk rage {unknown}
 k - a potion of degeneration {unknown}
 q - a potion of curing {unknown}
Comestibles
 c - 4 rations


   Skills:
 + Level 1.3 Fighting
 - Level 1.1(1.5) Short Blades
 * Level 1.6(1.8) Long Blades
 - Level 1.1 Polearms
 * Level 1.4 Armour
 + Level 2.5 Dodging
 - Level 2.4 Stealth
 * Level 2.9 Spellcasting
 * Level 4.1 Necromancy


You had 5 spell levels left.
You knew the following spells:

 Your Spells              Type           Power        Failure   Level  Hunger
a - Pain                  Necr           ##..         4%          1    #......
d - Vampiric Draining     Necr           ##........   14%         3    ###....

Your spell library contained the following spells:

 Spells                   Type           Power        Failure   Level  Hunger
 Animate Skeleton         Necr           N/A          4%          1    #......
 Animate Dead             Necr           N/A          43%         4    #####..
 Agony                    Necr           ##......     80%         5    ######.


Dungeon Overview and Level Annotations

Branches:
Dungeon (6/15)
 Temple: D:4-7

Altars:
Wu Jian


Innate Abilities, Weirdness & Mutations

You have extremely sharp teeth.
Your natural rate of healing is unusually fast.
When hurt, damage is shared between your health and your magic reserves.
Your bite disrupts and absorbs the magic of your enemies.
Potions cannot restore your health.
You are immune to rotting.


Message History

Press: ? - help, Shift-Dir - straight line, f - sky beast
Aim: a sky beast (moderately wounded)
The sky beast is heavily wounded.
You feel life coursing into your body.
The sky beast hits you but does no damage.
You barely miss the sky beast. Your bite misses the sky beast.
The sky beast is heavily wounded.
The sky beast hits you. The sky beast shocks you. The sky beast hits you.
The sky beast shocks you.
* * * LOW HITPOINT WARNING * * *
The sky beast flickers out of sight!
Deactivating autopickup; reactivate with Ctrl-A.
A sky beast appears from thin air!
Reactivating autopickup.
You closely miss the sky beast.
The sky beast is heavily wounded.
The sky beast hits you.
* * * LOW HITPOINT WARNING * * *
The sky beast shocks you.
You die...

##......
.......
#.....
#....#
#....#
#....#
#....#
+.@..#
#.Y..#
#.ยง..#
#....#
#<...#
###+##


You could see a sky beast.

Vanquished Creatures
  2 hounds (D:4)
  A bullfrog skeleton (D:4)
  3 gnolls
  An adder (D:4)
  An ooze (D:2)
  3 leopard geckos
  8 orcs
  3 giant cockroaches
  2 goblins (D:1)
  5 hobgoblins (D:1)
  10 jackals
  7 kobolds (D:1)
  4 bats
  3 frilled lizards
  A leopard gecko skeleton (D:4)
  5 rats (D:1)
59 creatures vanquished.

Notes
Turn   | Place    | Note
-------+----------+-------------------------------------------
     0 | D:1      | Esekla the Vine Stalker Necromancer began the quest for the
                  | Orb.
     0 | D:1      | Reached XP level 1. HP: 9/9 MP: 4/4
    83 | D:1      | Reached XP level 2. HP: 3/13 MP: 4/6
   921 | D:1      | Reached XP level 3. HP: 13/16 MP: 7/7
   937 | D:1      | Reached skill level 1 in Polearms
  1580 | D:2      | Reached skill level 1 in Short Blades
  1645 | D:3      | You fall into a shaft and drop 1 floor!
  1779 | D:4      | Reached skill level 1 in Fighting
  1779 | D:4      | Gained mutation: Your natural rate of healing is unusually
                  | fast. [Vine Stalker growth]
  1779 | D:4      | Reached XP level 4. HP: 15/22 MP: 6/8
  1960 | D:4      | Found an ornate altar of the Wu Jian Council.
  2230 | D:3      | Learned a level 3 spell: Vampiric Draining
  2447 | D:4      | Reached skill level 1 in Long Blades
  2447 | D:4      | Reached skill level 1 in Armour
  2447 | D:4      | Reached XP level 5. HP: 19/25 MP: 6/10
  2566 | D:5      | Entered Level 5 of the Dungeon
  2681 | D:5      | Noticed a sky beast
  2700 | D:6      | HP: 1/25 [sky beast (3)]
  2700 | D:6      | Slain by a sky beast

Levels and vault maps discovered:
D:1:      scummos_arrival_simple_fountains, layout_loops_ring
D:2:      layout_basic, fedhas_altar_3, first_ration
D:3:      layout_basic, led_xom_imps, minmay_misc_feat_four_crosses,
          minmay_joined_circles, uniq_natasha
D:4:      minmay_opposing_rooms, layout_loops_ring, lemuel_crystal_altar
D:5:      layout_layer_cave, grunt_qazlal_clouds, minitemple, temple_doors_e,
          nicolae_dithmenos_shadow_blocks
D:6:      lemuel_insect_pit, layout_basic, roderic_roman_lattice

Skill      XL: |  1  2  3  4 |
---------------+-------------+-----
Dodging        | 2 |  2.5
Polearms       | 1 |  1.1
Short Blades   | 1 |  1.1
Fighting       | 1 |  1.3
Long Blades    | 1 |  1.6
Armour         | 1 |  1.4
Stealth        | |  2.4
Spellcasting   | |  2.9
Necromancy     | |  4.1

Action                   |  1- 3 |  4- 6 || total
-------------------------+-------+-------++-------
Melee: Spear             |    63 |       ||    63
       Bite              |    29 |    24 ||    53
       Short sword       |    83 |       ||    83
       Long sword        |     9 |    70 ||    79
 Cast: Vampiric Draining |       |     6 ||     6
 Stab: Sleeping          |     3 |       ||     3
       Distracted        |     1 |       ||     1
  Eat: Chunk             |     2 |     1 ||     3
       Ration            |       |     1 ||     1
Armor: Robe              |    18 |       ||    18
       Leather armour    |     2 |    13 ||    15
Dodge: Dodged            |   101 |    53 ||   154
       Rpst.: Long sword |     7 |    14 ||    21

Table legend:
 A = Non-vault XP
 B = Vault XP
 C = Vault XP percentage of total XP
 D = Non-vault monster count
 E = Vault monster count
 F = Vault count percentage of total count
                 A         B        C        D         E       F
            +---------+---------+-------+---------+---------+-------
      Total |     203 |      81 |  28.5 |      55 |       4 |   6.8
            +---------+---------+-------+---------+---------+-------
        D:1 |      60 |       0 |   0.0 |      35 |       0 |   0.0
        D:2 |      17 |       0 |   0.0 |       6 |       0 |   0.0
        D:3 |       6 |       0 |   0.0 |       2 |       0 |   0.0
        D:4 |     105 |      81 |  43.5 |      11 |       4 |  26.7
        D:5 |      15 |       0 |   0.0 |       1 |       0 |   0.0
            +---------+---------+-------+---------+---------+-------
